 Dungeon Crawl Stone Soup version 0.30.0-29-ga12c61a403 (webtiles) character file.

Game seed: 12772087221108031753

4954 Cheops the Covert (level 10, -7/68 (78) HPs)
             Began as an Armataur Earth Elementalist on June 15, 2023.
             Was a Believer of Uskayaw.
             Mangled by a spectral orc warrior
             ... wielding a +0 scimitar
             ... summoned by Nergalle
              (11 damage)
             ... on level 10 of the Dungeon.
             The game lasted 00:55:37 (14294 turns).

Cheops the Covert (Armataur Earth Elementalist)    Turns: 14294, Time: 00:55:38

HP:   -7/68 (78)    AC:  8    Str: 19    XL:     10   Next: 28%
MP:   4/14          EV: 14    Int: 19    God:    Uskayaw [**....]
Gold: 430           SH:  0    Dex: 12    Spells: 5/15 levels left

rFire   . . .        a - +0 dagger (flame)
rCold   . . .        (no shield)
rNeg    . . .        N - +0 steam dragon scales
rPois   .            d - +2 hat
rElec   .            w - +0 cloak
rCorr   .            (no gloves)
SInv    .            (no barding)
Will    .....        Q - amulet of magic regeneration
Stlth   +++++        F - +5 ring of evasion
HPRegen 0.31/turn    x - +6 ring of strength
MPRegen 0.54/turn

%: roll
@: heavily drained, invisible
A: large, rugged brown scales 3, deformed body, armoured tail, roll, long
tongue, awkward tongue
a: Renounce Religion, Stomp, Line Pass


You were on level 10 of the Dungeon.
You worshipped Uskayaw.
Uskayaw was noncommittal.
You visited 1 branch of the dungeon, and saw 10 of its levels.

You collected 595 gold pieces.
You spent 165 gold pieces at shops.

Inventory:

Hand Weapons
 a - a +0 dagger of flaming (weapon)
 b - a +2 short sword of protection
Armour
 d - a +2 hat (worn)
 t - a +2 robe of willpower
 v - the +0 scale mail of Tenacity {rC+ rN+}
   (You found it on level 5 of the Dungeon)

   rC:        It protects you from cold.
   rN:        It protects you from negative energy.
 w - a +0 cloak (worn)
 L - a +0 buckler
 N - +0 steam dragon scales (worn)
Magical Staves
 q - a staff of air
Jewellery
 f - a ring of protection from cold
 x - a +6 ring of strength (right hand)
 F - a +5 ring of evasion (left hand)
 O - a ring of ice
 Q - an amulet of magic regeneration (around neck)
Wands
 p - a wand of digging (1)
 y - a wand of flame (8)
 J - a wand of roots (11)
 K - a wand of paralysis (11)
Scrolls
 c - 2 scrolls of immolation
 h - 3 scrolls of teleportation {unknown}
 k - 7 scrolls of fog {unknown}
 m - 2 scrolls of amnesia {unknown}
 r - 2 scrolls of magic mapping
 s - a scroll of silence
 B - a scroll of vulnerability {unknown}
 C - 2 scrolls of blinking {unknown}
 E - a scroll of enchant armour {unknown}
 G - a scroll of noise {unknown}
 M - a scroll of summoning {unknown}
 P - a scroll of poison {unknown}
Potions
 e - 2 potions of flight {unknown}
 g - 2 potions of heal wounds
 i - 13 potions of curing {unknown}
 j - 2 potions of magic
 l - 5 potions of brilliance
 n - a potion of ambrosia {unknown}
 o - a potion of berserk rage {unknown}
 u - 2 potions of cancellation
 z - a potion of degeneration {unknown}
 D - a potion of lignification
 H - a potion of haste
 I - 2 potions of mutation {unknown}


   Skills:
 - Level 2.0 Fighting
 * Level 3.2 Short Blades
 - Level 1.3 Dodging
 + Level 11.7 Stealth
 - Level 3.0 Spellcasting
 - Level 6.0 Conjurations
 - Level 5.0 Transmutations
 - Level 6.0 Earth Magic


You had 5 spell levels left.
You knew the following spells:

 Your Spells              Type           Power      Damage    Failure   Level
a - Sandblast             Erth           50%        2d12      1%          1
b - Stone Arrow           Conj/Erth      50%        3d10      3%          3
p - Petrify               Tmut/Erth      23%        N/A       16%         4
P - Passwall              Tmut/Erth      19%        N/A       2%          2

Your spell library contained the following spells:

 Spells                   Type           Power      Damage    Failure   Level
 Magic Dart               Conj           100%       1d8       1%          1
 Searing Ray              Conj           50%        2d6       1%          2
 Mephitic Cloud           Conj/Pois/Air  10%        N/A       21%         3
 Cigotuvi's Dreadful Rot  Necr/Pois/Air  4%         N/A       22%         2
 Poisonous Vapours        Pois/Air       4%         N/A       22%         2
 Ignite Poison            Fire/Tmut/Pois 9%         N/A       24%         3
 Fulminant Prism          Conj/Hex       7%         3d7       41%         4
 Freezing Cloud           Conj/Ice/Air   5%         6-21      88%         5


Dungeon Overview and Level Annotations

Branches:
Dungeon (10/15)            Temple (0/1) D:7            Lair (0/5) D:8
    Orc (0/2) D:10

Altars:
Cheibriados
Dithmenos
Gozag
Okawaru
Uskayaw
Zin
The Shining One

Shops:
D:3 =   D:4 *   D:7 (

Annotations:
D:2 1 runed translucent door, Crazy Yiuf
D:4 2 transporters, Urgle's ghost, novice DjFE
D:10 Nergalle


Innate Abilities, Weirdness & Mutations

You are completely covered in rugged brown scales. (AC +3, +7% HP)
Armour fits poorly on your strangely shaped body.
You have a long armoured tail.
You roll when moving toward enemies. (Rampage)
Your long tongue fully drains potion bottles. (2x potion effects)
Your tongue gives you trouble enunciating. (1.5x scroll delay)


Message History

The yak gores you.
Nergalle points at you and mumbles some strange words.
Orcish apparitions take form around you.
The yak gores you.
You barely miss Nergalle.
Nergalle is moderately wounded.
The spectral orc warrior closely misses you.
The yak barely misses you. Nergalle barely misses you.
The yak barely misses you.
You barely miss Nergalle. You tail-slap Nergalle!
Nergalle is heavily wounded.
The spectral orc warrior closely misses you.
The spectral orc warrior hits you with a +0 hand axe.
The spectral orc warrior hits you with a +0 scimitar!
* * * LOW HITPOINT WARNING * * *
You feel drained.
You can now pass through a line of other dancers.
Unknown command.
Unknown command.
You barely miss Nergalle.
You tail-slap Nergalle, but do no damage.
Nergalle is heavily wounded.
Nergalle gestures at you while chanting.
The bolt of negative energy hits you!!
You feel drained.
* * * LOW HITPOINT WARNING * * *
The yak barely misses you.
The spectral orc warrior barely misses you.
The spectral orc warrior completely misses you.
The spectral orc warrior misses you.
You hit Nergalle but do no damage.
Nergalle is heavily wounded.
The yak barely misses you. Nergalle barely misses you.
The yak barely misses you.
The spectral orc warrior closely misses you.
The spectral orc warrior hits you with a +0 hand axe!
* * * LOW HITPOINT WARNING * * *
You feel drained.
* * * LOW HITPOINT WARNING * * *
The spectral orc warrior hits you with a +0 scimitar!
You die...

#.# *,**,,<* *,* **,*
###.####.##**** *,* *,**
#.........# *****,* **,*
#.#####.#.# *,,,,,* **,
#.# #.#.###*,***** ** #.#
#.#...#*,* **** #(#
#.#...##.#** *,,,
#.#####YoZ......,* **,**
#...†ZZY@.......,****,,,*
#######Z.Z......,,,,,,,,,
###[...$..,*,**,,,,
*.......,*,***,*,
*#.#####**,* *,*, ****##*
**,***,** *,,,,,*
*,,,,,,,, *,,,,,*
*,,~~~~~~ *,,∩,,*
*,~,,,,,,


You could see Nergalle, 5 spectral orc warriors and 2 yaks.

Vanquished Creatures
  A two-headed ogre (D:9)
  Pikel (D:6)
  Joseph (D:7)
  Maurice (D:8)
  A troll (D:9)
  A steam dragon (D:8)
  2 humans
  A yak (D:10)
  Edmund (D:6)
  Duvessa (D:6)
  3 water moccasins
  2 sky beasts (D:8)
  An orc warrior (D:9)
  2 ogres
  A black bear (D:8)
  2 centaurs
  4 lemures (D:6)
  A kobold brigand (D:8)
  Blork the orc (D:6)
  3 bullfrogs
  2 scorpions
  Dowan (D:6)
  3 howler monkeys
  A jelly (D:5)
  3 hounds
  5 orc priests
  2 sleepcaps (D:8)
  3 orc wizards
  4 gnolls (D:3)
  11 adders
  4 shadow imps (D:5)
  2 white imps (D:5)
  An ufetubus (D:5)
  2 worms
  4 dart slugs
  19 orcs
  12 ball pythons
  8 endoplasms
  A giant cockroach (D:3)
  6 goblins
  4 hobgoblins
  4 jackals (D:3)
  4 quokkas
  6 bats
  4 frilled lizards
  13 kobolds
  5 rats
165 creatures vanquished.

Vanquished Creatures (others)
  An orc wizard (D:9)
1 creature vanquished.

Grand Total: 166 creatures vanquished

Notes
Turn   | Place    | Note
-------+----------+-------------------------------------------
     0 | D:1      | Cheops the Armataur Earth Elementalist began the quest for
                  | the Orb.
     0 | D:1      | Reached XP level 1. HP: 14/14 MP: 3/3
   230 | D:1      | Reached XP level 2. HP: 21/21 MP: 0/5
   857 | D:1      | Reached XP level 3. HP: 27/27 MP: 4/6
   860 | D:1      | Learned a level 2 spell: Passwall
   864 | D:1      | Learned a level 3 spell: Stone Arrow
  1314 | D:2      | Reached skill level 3 in Stealth
  1548 | D:2      | Reached XP level 4. HP: 35/35 MP: 2/7
  1621 | D:2      | Found a runed translucent door.
  1622 | D:2      | Noticed Crazy Yiuf
  2265 | D:3      | Found a snail-covered altar of Cheibriados.
  2607 | D:3      | Found a glowing silver altar of Zin.
  2631 | D:3      | Found an opulent altar of Gozag.
  2730 | D:3      | Found a shadowy altar of Dithmenos.
  2806 | D:3      | Reached XP level 5. HP: 38/40 MP: 4/8
  3067 | D:3      | Reached skill level 4 in Stealth
  3218 | D:3      | Found Milock's Jewellery Boutique.
  3288 | D:3      | Found a faded altar of an unknown god.
  4290 | D:2      | Found a runed translucent door.
  4837 | D:4      | Found a transporter.
  4838 | D:4      | Identified the +9 giant club "Hinusa" {freeze, Int+4 SInv}
  4838 | D:4      | Noticed an ogre
  4842 | D:4      | Noticed Urgle's ghost (novice DjFE)
  4854 | D:4      | Found a transporter.
  4970 | D:4      | Found Testru's Assorted Antiques.
  4974 | D:4      | Bought a scroll labelled CIMUNU KER for 29 gold pieces
  4974 | D:4      | Bought a fuming red potion for 26 gold pieces
  4974 | D:4      | Bought a scroll labelled HYAXZO ENKOHE for 29 gold pieces
  4974 | D:4      | Bought a fuming red potion for 26 gold pieces
  4974 | D:4      | Bought a scroll labelled RUH LAIMOLL for 29 gold pieces
  4974 | D:4      | Bought a grey potion for 26 gold pieces
  5235 | D:4      | Noticed a centaur
  5245 | D:4      | Killed a centaur
  5246 | D:4      | Reached skill level 1 in Conjurations
  5246 | D:4      | Reached skill level 5 in Earth Magic
  5246 | D:4      | Reached XP level 6. HP: 39/48 MP: 6/9
  5397 | D:5      | Entered Level 5 of the Dungeon
  5579 | D:5      | Identified the +0 scale mail of Tenacity {rC+ rN+}
  5756 | D:5      | Noticed a water moccasin
  5761 | D:5      | Killed a water moccasin
  5762 | D:5      | Reached skill level 5 in Stealth
  5843 | D:5      | Reached XP level 7. HP: 53/53 MP: 6/10
  7219 | D:6      | Noticed Edmund
  7414 | D:5      | Learned a level 4 spell: Petrify
  7489 | D:6      | Reached skill level 1 in Short Blades
  7513 | D:6      | Reached skill level 1 in Fighting
  7671 | D:6      | Reached skill level 6 in Stealth
  7678 | D:6      | Noticed Dowan
  7806 | D:6      | Killed Edmund
  7900 | D:6      | Noticed Pikel
  8185 | D:6      | Reached skill level 1 in Transmutations
  8185 | D:6      | Reached XP level 8. HP: 64/65 MP: 6/11
  8585 | D:6      | Killed Pikel
  8586 | D:6      | Reached skill level 7 in Stealth
  8720 | D:6      | Noticed Blork the orc
  8753 | D:6      | Killed Blork the orc
  8799 | D:6      | Reached skill level 8 in Stealth
  8856 | D:6      | Noticed Duvessa
  8857 | D:6      | Killed Dowan
  8988 | D:6      | Killed Duvessa
  9693 | D:7      | Found an iron altar of Okawaru.
  9885 | D:7      | Noticed a +0 hand axe
  9885 | D:7      | Noticed a +0 hand axe
  9886 | D:7      | Found a hide-covered altar of Uskayaw.
  9898 | D:7      | Became a worshipper of Uskayaw the Reveller
  9932 | D:7      | Found a staircase to the Ecumenical Temple.
 10074 | D:7      | Found Xefogiuqi's Weapon Shop.
 10186 | D:7      | Reached * piety under Uskayaw
 10188 | D:7      | Reached ** piety under Uskayaw
 10242 | D:7      | Noticed Joseph
 10319 | D:7      | Killed Joseph
 10319 | D:7      | Reached *** piety under Uskayaw
 10320 | D:7      | Reached skill level 9 in Stealth
 10320 | D:7      | Reached XP level 9. HP: 48/71 MP: 8/13
 10900 | D:7      | Reached skill level 10 in Stealth
 11469 | D:8      | Noticed Maurice
 11477 | D:8      | Killed Maurice
 11480 | D:8      | Reached skill level 5 in Conjurations
 11671 | D:8      | Found a staircase to the Lair.
 12376 | D:8      | Reached skill level 11 in Stealth
 12829 | D:8      | Found a staircase to the Lair.
 13271 | D:9      | Noticed a two-headed ogre
 13273 | D:9      | Killed a two-headed ogre
 13274 | D:9      | Reached skill level 5 in Transmutations
 13274 | D:9      | Reached XP level 10. HP: 78/78 MP: 10/14
 13364 | D:9      | Found a glowing golden altar of the Shining One.
 13801 | D:9      | Identified the +10 spear "Cannoblotey" {distort, Contam rN+
                  | MP-9 Dex+7}
 14229 | D:10     | Entered Level 10 of the Dungeon
 14269 | D:10     | Noticed Nergalle
 14294 | D:10     | Mangled by a spectral orc warrior

Illustrated notes

Levels and vault maps discovered:
D:1:      giann_bridges, layout_basic, chequers_serial_rivers_micro_c
D:2:      layout_basic, corexii_leaking_fountain, uniq_crazy_yiuf_cottage
D:3:      layout_basic, pdpol_temple_overflow_zin_treasury_gozag_greed,
          slow_altar_1, amcnicky_altar_gilded, serial_shops, shop,
          shapermc_ecumenical_altar_mp_vishouse
D:4:      layout_rooms, serial_shops, nicolae_shop_back_alley_shop,
          gammafunk_ghost_smash, nrook_uturn, hangedman_abyss_or_decor_stagger
D:5:      layout_basic, serial_demonic, serial_demonic_g, serial_demonic_c,
          serial_demonic_d, serial_demonic_g, serial_demonic_g
D:6:      layout_gridville, due_unseen_surprise, uniq_duvessa,
          uniq_blork_the_orc, uniq_edmund, uniq_pikel
D:7:      layout_loops_corners, okawaru_humans, dancing_weapons_uskayaw,
          minmay_temple_entry_mini_moons, serial_shops, shop, uniq_joseph
D:8:      layout_rooms, lair_entry_dummy, solitary_fountain, uniq_maurice
D:9:      layout_gridville, tso_metal_star
D:10:     layout_loops_ring, mainiacjoe_overflow_brackets, hiddenorc1_lemuel,
          enter_bailey_7, onia_ninara_dug_in_and_dangerous, uniq_nergalle

Skill      XL: |  1  2  3  4  5  6  7  8  9 10 |
---------------+-------------------------------+-----
Spellcasting   | 2 3 |  3.0
Earth Magic    | 3 4 5 6 |  6.0
Stealth        | 3 4 5 6 9 11 | 11.7
Conjurations   | 1 3 4 6 |  6.0
Short Blades   | 2 3 |  3.2
Fighting       | 2 |  2.0
Transmutations | 1 3 5 |  5.0
Dodging        | |  1.3

Action                     |  1- 3 |  4- 6 |  7- 9 | 10-12 || total
---------------------------+-------+-------+-------+-------++-------
  Melee: Dagger            |     4 |     4 |    45 |    31 ||    84
         Tailslap          |       |       |     5 |     4 ||     9
         Punch             |       |       |     2 |       ||     2
   Cast: Sandblast         |    62 |    95 |   131 |     3 ||   291
         Passwall          |       |     5 |    46 |     2 ||    53
         Stone Arrow       |       |       |    42 |     8 ||    50
         Petrify           |       |       |       |     4 ||     4
 Invoke: Line Pass         |       |       |       |     1 ||     1
  Evoke: Wand              |       |       |     3 |       ||     3
    Use: Scroll            |       |     5 |     1 |     3 ||     9
         Potion            |       |       |       |     2 ||     2
   Stab: Sleeping          |       |     1 |    10 |     1 ||    12
         Paralysed         |       |       |     1 |       ||     1
         Invisible         |       |       |       |     1 ||     1
         Petrifying        |       |       |       |     1 ||     1
         Petrified         |       |       |       |     1 ||     1
 Armour: Robe              |     7 |    28 |    95 |       ||   130
         Steam dragon scal |       |       |     1 |    14 ||    15
  Dodge: Dodged            |     3 |    26 |   115 |    30 ||   174
